 Dungeon Crawl Stone Soup version 0.29.1-1-gd02db69 (webtiles) character file.

Game seed: 7633805639344737227

627 Dorkslayer the Covered (level 7, -12/53 HPs)
             Began as a Human Fighter on Oct 25, 2022.
             Mangled by an iguana (18 damage)
             ... on level 5 of the Dungeon.
             The game lasted 00:09:53 (4465 turns).

Dorkslayer the Covered (Human Fighter)              Turns: 4465, Time: 00:09:54

Health: -12/53     AC: 12    Str: 16    XL:     7   Next: 76%
Magic:  7/7        EV: 11    Int:  9    God:
Gold:   298        SH:  5    Dex: 14    Spells: 6/6 levels left

rFire   . . .      SeeInvis +   q - +4 short sword (chaos)
rCold   . . .      Faith    .   c - +0 buckler
rNeg    . . .      Spirit   .   s - +0 chain mail
rPois   .          Reflect  .   d - +0 helmet
rElec   .          Harm     .   x - scarf {repulsion}
rCorr   .          Rampage  .   (no gloves)
Will    .....                   e - +0 pair of boots
Stlth   ..........              (no amulet)
HPRegen 0.17/turn               j - ring of see invisible
MPRegen 0.10/turn               A - +4 ring of evasion

@: repel missiles
A: no striking features
a: no special abilities


You were on level 5 of the Dungeon.
You visited 1 branch of the dungeon, and saw 5 of its levels.

You collected 298 gold pieces.

Inventory:

Hand Weapons
 a - a +0 long sword
 q - a +4 short sword of chaos (weapon)
Armour
 c - a +0 buckler (worn)
 d - a +0 helmet (worn)
 e - a +0 pair of boots (worn)
 s - a +0 chain mail (worn)
 x - a scarf of repulsion (worn)
Jewellery
 j - a ring of see invisible (left hand)
 m - a ring of protection from fire
 A - a +4 ring of evasion (right hand)
Wands
 l - a wand of paralysis (3)
 z - a wand of roots (7)
Scrolls
 b - 2 scrolls of silence {unknown}
 n - 2 scrolls of poison {unknown}
 u - 2 scrolls of immolation {unknown}
 v - a scroll of amnesia {unknown}
 w - a scroll of noise {unknown}
 y - a scroll of enchant armour {unknown}
Potions
 f - 2 potions of mutation {unknown}
 g - a potion of invisibility
 h - 2 potions of flight
 i - a potion of attraction {unknown}
 k - 3 potions of brilliance
 o - a potion of ambrosia
 p - 2 potions of might
 r - a potion of magic
 t - a potion of resistance {unknown}


   Skills:
 + Level 3.8 Fighting
 + Level 3.2(3.8) Short Blades
 + Level 3.1(3.8) Long Blades
 + Level 4.6 Armour
 + Level 1.6 Dodging
 + Level 0.7 Stealth
 + Level 4.1 Shields
 * Level 3.0 Evocations


You had 6 spell levels left.
You didn't know any spells.
Your spell library was empty.

Dungeon Overview and Level Annotations

Branches:
Dungeon (5/15)
 Temple: D:4-7

Altars:
Okawaru
Qazlal
Yredelemnul

Shops:
D:5 [


Message History

p - 2 potions of might (gained 1)
An iguana comes into view.
The iguana hisses angrily.
You closely miss the iguana. You block the iguana's attack.
You hit the iguana but do no damage. You block the iguana's attack.
You hit the iguana.
The iguana is lightly wounded.
You block the iguana's attack.
You hit the iguana.
The iguana is lightly wounded.
You barely miss the iguana.
The iguana is lightly wounded.
The iguana bites you!
You hit the iguana.
The iguana goes berserk!
The iguana is moderately wounded.
The iguana bites you but does no damage.
The iguana closely misses you.
You barely miss the iguana.
The iguana is moderately wounded.
The iguana misses you.
You barely miss the iguana.
The iguana is moderately wounded.
You block the iguana's attack. x2
You hit the iguana but do no damage.
The iguana seems to grow stronger.
The iguana is moderately wounded.
The iguana bites you!
You hit the iguana but do no damage.
The iguana is moderately wounded.
The iguana completely misses you.
You hit the iguana but do no damage.
The iguana is moderately wounded.
The iguana barely misses you. The iguana bites you!
You hit the iguana but do no damage.
The iguana is moderately wounded.
The iguana bites you!
* * * LOW HITPOINT WARNING * * *
You hit the iguana. You burn the iguana.
The iguana is moderately wounded.
The iguana bites you!!
You die...

##### #...# #....
##...# ## #######
#....##.. .......
#....?. #######
#....# #<. #.#l#
##.# #.#@# # #..#
#...# #. ##.##
##.### #.# #..#
#..# #..######.##
#..# #........#
########## #..#
#.#.######
#........# #..# #
#.########
#........###.##
#.##.....#
#.........#..#####
#..#......


You could see an iguana (berserk, strong).

Vanquished Creatures
  An ogre (D:5)
  A centaur (D:5)
  A phantom (D:5)
  A vampire bat (D:3)
  A jelly (D:5)
  A hound (D:5)
  An iguana (D:5)
  An orc wizard (D:3)
  Robin (D:2)
  4 adders
  3 fire bats (D:3)
  10 orcs
  2 spectral bats (D:3)
  5 ball pythons
  3 bat skeletons (D:3)
  A bat zombie (D:3)
  17 endoplasms
  2 giant cockroaches (D:4)
  10 goblins
  7 hobgoblins
  8 jackals
  3 quokkas
  14 bats
  A bat simulacrum (D:3)
  5 frilled lizards
  8 kobolds
  8 rats
120 creatures vanquished.

Notes
Turn   | Place    | Note
-------+----------+-------------------------------------------
     0 | D:1      | Dorkslayer the Human Fighter began the quest for the Orb.
     0 | D:1      | Reached XP level 1. HP: 18/18 MP: 1/1
   158 | D:1      | Reached XP level 2. HP: 24/24 MP: 2/2
   781 | D:1      | Reached XP level 3. HP: 29/29 MP: 3/3
   876 | D:1      | Reached skill level 1 in Dodging
  1276 | D:2      | Found a faded altar of an unknown god.
  1421 | D:2      | Noticed Robin
  1427 | D:2      | Reached XP level 4. HP: 35/35 MP: 4/4
  1432 | D:2      | Killed Robin
  1782 | D:2      | Identified the +2 robe of Anal {rF++ rN+ rCorr MP-9}
  1789 | D:2      | Reached skill level 1 in Evocations
  2303 | D:3      | Reached XP level 5. HP: 39/41 MP: 5/5
  3038 | D:3      | Reached skill level 1 in Short Blades
  3038 | D:3      | Reached XP level 6. HP: 40/47 MP: 6/6
  3182 | D:3      | Found a basalt altar of Yredelemnul.
  3355 | D:4      | Found an iron altar of Okawaru.
  3759 | D:4      | Found a stormy altar of Qazlal.
  3966 | D:5      | Entered Level 5 of the Dungeon
  4053 | D:5      | Reached XP level 7. HP: 35/52 MP: 7/7
  4229 | D:5      | Found Nauklon's Antique Armour Emporium.
  4465 | D:5      | Mangled by an iguana

Illustrated notes

Levels and vault maps discovered:
D:1:      dpeg_arrival_orchard, layout_basic, chequers_serial_rivers_micro_a
D:2:      layout_loops_ring, shapermc_ecumenical_altar_mp_vishouse, uniq_robin
D:3:      layout_rooms, lemuel_tele_altar, goddamned_bats
D:4:      layout_basic, mainiacjoe_overflow_cross_hatched, old_standard_altar,
          minivault_25
D:5:      layout_rooms, serial_shops, shop, serial_bayou_pond_b

Skill      XL: |  1  2  3  4  5  6  7 |
---------------+----------------------+-----
Dodging        | 1 |  1.6
Evocations     | 1 2 3 |  3.0
Long Blades    | 3 |  3.1
Short Blades   | 1 2 3 |  3.2
Armour         | 4 |  4.6
Shields        | 4 |  4.1
Fighting       | |  3.8
Stealth        | |  0.7

Action                   |  1- 3 |  4- 6 |  7- 9 || total
-------------------------+-------+-------+-------++-------
Melee: Long sword        |   111 |    38 |       ||   149
       Short sword       |       |   196 |    39 ||   235
Evoke: Wand              |       |       |     2 ||     2
  Use: Potion            |       |     2 |       ||     2
       Scroll            |       |     7 |       ||     7
 Stab: Petrified         |       |     1 |       ||     1
       Paralysed         |       |       |     2 ||     2
Armor: Scale mail        |    70 |    44 |       ||   114
       Chain mail        |       |   144 |    20 ||   164
Dodge: Dodged            |    53 |   102 |    16 ||   171
Block: Buckler           |    29 |    64 |    10 ||   103
